Map: Odyssey LE

Players

Snute - Winner!

  • Race: Zerg Zerg
  • Spawn Location: 5:00

SpeCiaL

  • Race: Terran Terran
  • Spawn Location: 11:00

Event: WCS Valencia 2017

VOD

Have the link to the VOD?

Description

Time

  • Played on: July 15, 2017, 12:40 p.m.
  • Length: 13:41

All games in this series

Show
View Real Time Build Order
Export as new Build Order

Snute Zerg - Winner!

Build Orders: Pool First, Muta Ling Bane 

Get SALT Encoding   

  12  0:00  Drone  
  13  0:12  Overlord  
  13  0:17  Drone  
  14  0:30  Drone x2  
  14  0:34  Drone  
  17  0:44  Spawning Pool  
  17  0:48  Drone  
  17  1:09  Hatchery  
  16  1:11  Drone  
  16  1:14  Drone  
  18  1:18  Extractor  
  18  1:19  Drone  
  18  1:30  Queen  
  21  1:32  Zergling x2  
  21  1:39  Overlord  
  21  1:49  Drone  
  22  2:00  Drone  
  23  2:06  Queen  
  25  2:12  Drone  
  26  2:20  Metabolic Boost  
  26  2:21  Queen  
  28  2:23  Drone x2  
  30  2:32  Drone  
  30  2:33  Drone  
  32  2:38  Overlord  
  32  2:39  Drone  
  32  2:40  Drone  
  32  2:43  Drone  
  34  2:45  Drone  
  35  2:56  Drone x2  
  37  3:03  Hatchery  
  37  3:05  Drone  
  37  3:09  Overlord  
  37  3:17  Drone  
  37  3:19  Drone x3  
  41  3:26  Overlord  
  41  3:30  Zergling x4  
  41  3:31  Drone x2  
  41  3:32  Queen  
  47  3:45  Drone x2  
  47  3:47  Queen  
  51  3:52  Zergling x6  
  51  3:53  Zergling x2  
  55  4:01  Drone  
  56  4:06  Drone  
  56  4:07  Drone x3  
  59  4:14  Queen  
  59  4:15  Queen  
  59  4:16  Drone  
  64  4:23  Queen  
  66  4:26  Evolution Chamber x2, Overlord  
  64  4:32  Zergling x4  
  65  4:49  Drone  
  65  4:50  Drone x7, Overlord  
  73  4:53  Zerg Ground Armor Level 1, Zerg Melee Weapons Level 1  
  73  4:54  Overlord  
  73  5:03  Overlord  
  73  5:06  Spore Crawler  
  72  5:07  Spore Crawler, Queen  
  72  5:08  Queen  
  72  5:10  Baneling Nest  
  72  5:11  Extractor, Drone  
  72  5:12  Drone x3  
  72  5:13  Drone  
  72  5:14  Drone x2  
  79  5:17  Drone x2  
  79  5:19  Drone  
  82  5:21  Drone  
  82  5:23  Drone x2  
  82  5:25  Queen  
  87  5:29  Drone x2  
  87  5:30  Drone  
  87  5:34  Extractor, Drone  
  87  5:35  Drone x3  
  93  5:36  Extractor  
  93  5:37  Extractor  
  93  5:38  Extractor  
  93  5:40  Zergling x6  
  93  5:48  Zergling x6  
  96  5:55  Lair  
  96  5:56  Spore Crawler  
  93  6:06  Drone x5  
  93  6:09  Overlord x3  
  98  6:21  Hatchery  
  98  6:22  Hatchery, Drone  
  97  6:31  Drone x2  
  97  6:32  Zergling x14  
  106  6:33  Zergling x2  
  106  6:42  Zergling x4  
  108  6:48  Zergling x6  
  108  6:52  Zerg Ground Armor Level 2, Zerg Melee Weapons Level 2, Centrifical Hooks  
  109  6:57  Baneling  
  109  6:58  Baneling x4, Zergling x2  
  109  6:59  Zergling x10  
  114  7:04  Overseer  
  114  7:10  Overlord x3  
  114  7:14  Baneling x4, Spire  
  112  7:27  Zergling x2  
  112  7:28  Zergling x4  
  112  7:33  Queen  
  112  7:34  Drone  
  115  7:37  Drone  
  115  7:38  Drone x6  
  121  7:46  Zergling x18  
  130  7:51  Baneling  
  130  7:52  Pneumatized Carapace, Baneling x7  
  130  7:53  Zergling x2  
  130  7:54  Zergling x4  
  130  7:57  Infestation Pit  
  132  8:05  Zergling x12  
  132  8:13  Baneling  
  132  8:14  Baneling x10, Zergling x2  
  132  8:15  Zergling x12  
  139  8:20  Zergling x6  
  139  8:22  Overlord x2  
  142  8:28  Zerg Flyer Weapons Level 1  
  133  8:34  Mutalisk x6  
  133  8:38  Zergling x8  
  149  8:41  Hive  
  149  8:42  Zergling x14  
  156  8:52  Zergling x2  
  156  8:53  Zergling x16  
  165  9:02  Overseer  
  165  9:06  Hatchery  
  142  9:25  Zergling x26  
  142  9:26  Zergling x20  
  159  9:32  Burrow  
  159  9:34  Overlord x3  
  158  9:46  Overlord  
  158  9:47  Baneling x4  
  158  9:48  Baneling x7  
  158  9:49  Baneling x9  
  158  9:55  Zerg Ground Armor Level 3, Zerg Melee Weapons Level 3  
  153  10:05  Zergling x32  
  157  10:11  Zergling x14  
  156  10:38  Overlord x3  
  156  10:39  Zergling x12  
  156  10:40  Zergling x20  
  172  10:44  Zergling x14  
  172  10:49  Adrenal Glands  
  179  10:50  Ultralisk Cavern  
  179  10:56  Baneling  
  178  10:57  Baneling x6  
  178  10:58  Baneling  
  178  10:59  Baneling  
  178  11:00  Hatchery  
  170  11:06  Hatchery  
  170  11:08  Zergling x6  
  170  11:09  Zergling x14  
  179  11:12  Hatchery  
  179  11:26  Drone  
  180  11:33  Zergling x14  
  180  11:34  Baneling  
  180  11:35  Baneling x13  
  180  11:37  Drone  
  187  11:40  Chitinous Plating  
  187  11:41  Hatchery  
  184  11:50  Hatchery  
  179  11:58  Ultralisk x3  
  192  12:20  Ultralisk x3  
  200  12:38  Overseer  
  181  12:54  Corruptor  
  181  12:55  Corruptor x5  
  190  13:01  Hatchery  
  178  13:05  Hatchery  
  183  13:17  Zergling x16  
  183  13:18  Zergling x4  
Show
View Real Time Build Order
Export as new Build Order

SpeCiaL Terran 

Build Orders: Hellion Opening, Reaper Expand, MMM Bio 

Get SALT Encoding   

  12  0:00  SCV  
  13  0:12  SCV  
  14  0:17  Supply Depot  
  14  0:24  SCV  
  15  0:38  SCV  
  15  0:39  Barracks  
  16  0:43  Refinery  
  16  0:50  SCV  
  17  1:02  SCV  
  18  1:14  SCV  
  19  1:27  Orbital Command, Reaper  
  20  1:39  Command Center  
  20  1:52  Supply Depot  
  20  1:53  SCV  
  21  1:59  Marine  
  22  2:06  Factory, SCV  
  23  2:15  Refinery  
  23  2:18  SCV  
  23  2:20  Barracks Reactor  
  24  2:31  SCV  
  25  2:43  SCV  
  26  2:52  Starport  
  26  2:55  SCV  
  27  3:00  Orbital Command  
  27  3:07  SCV  
  27  3:08  Hellion x2  
  32  3:13  Barracks Tech Lab  
  32  3:19  SCV  
  33  3:25  SCV  
  34  3:27  Supply Depot  
  34  3:28  Medivac  
  34  3:30  Hellion x2  
  34  3:31  SCV  
  41  3:37  SCV  
  42  3:43  SCV  
  43  3:49  SCV, Supply Depot  
  43  3:54  Hellion x2  
  49  3:55  SCV  
  49  4:08  SCV x2  
  49  4:09  Raven  
  53  4:16  Barracks Tech Lab, Command Center  
  53  4:20  SCV x2  
  53  4:23  Supply Depot  
  55  4:32  SCV x2  
  55  4:33  Factory Reactor  
  55  4:36  Marine  
  55  4:37  Barracks  
  58  4:40  Barracks  
  58  4:44  Stimpack  
  58  4:45  SCV x2  
  58  4:54  Marine  
  58  4:55  Engineering Bay  
  58  4:56  Engineering Bay  
  58  4:57  SCV x2  
  61  5:02  Starport Reactor  
  61  5:09  SCV x2  
  61  5:12  Marine  
  61  5:13  Refinery  
  64  5:15  Refinery  
  64  5:21  SCV x2  
  64  5:22  Terran Infantry Armor Level 1, Terran Infantry Weapons Level 1  
  66  5:28  Barracks  
  66  5:30  Marine  
  66  5:31  Barracks  
  66  5:32  Orbital Command  
  66  5:33  SCV  
  66  5:34  SCV  
  69  5:36  Marine x3  
  69  5:37  Marine  
  69  5:40  Medivac  
  69  5:42  Medivac  
  77  5:47  Marine  
  78  5:53  Siege Tank  
  78  5:54  Marine x2  
  78  5:55  Marine  
  78  5:57  Marine  
  82  6:03  Orbital Command  
  84  6:04  SCV x2  
  84  6:11  Marine x2, Supply Depot  
  85  6:13  Marine x2, Supply Depot  
  85  6:14  Marine  
  85  6:16  SCV x2  
  90  6:20  Barracks Reactor x2  
  90  6:29  Marine, SCV x2  
  90  6:31  Armory  
  90  6:32  Siege Tank, Marine x2  
  98  6:33  Marine  
  98  6:38  SCV  
  100  6:43  SCV  
  100  6:44  SCV  
  100  6:46  Marine x2  
  104  6:47  Supply Depot  
  104  6:48  Supply Depot  
  104  6:50  Marine, SCV  
  104  6:52  Medivac  
  108  6:56  SCV  
  108  6:58  Medivac  
  109  7:09  Marine x6, SCV x3  
  109  7:10  Supply Depot  
  118  7:16  Siege Tank  
  118  7:19  Marine  
  118  7:20  Marine  
  118  7:21  SCV x2  
  124  7:23  Marine  
  124  7:28  Marine, Medivac  
  124  7:31  Marine, Medivac  
  124  7:32  Marine  
  124  7:33  SCV x3  
  124  7:35  Terran Infantry Weapons Level 2  
  131  7:43  Marine x2  
  133  7:44  Supply Depot x2  
  133  7:46  Supply Depot  
  133  7:48  Terran Infantry Armor Level 2, Marine x2  
  135  7:51  Marine x2  
  135  7:57  Marine  
  138  7:59  Factory Reactor  
  138  8:00  Marine  
  138  8:01  Marine  
  138  8:05  Marine x2, Combat Shields  
  140  8:06  Marine x2  
  140  8:09  Marine  
  140  8:11  Medivac  
  147  8:17  Marine x2  
  147  8:18  Marine  
  144  8:20  Refinery, Supply Depot  
  144  8:22  Barracks x2  
  144  8:23  Marine x3  
  144  8:24  Marine x2  
  144  8:27  Marine  
  149  8:30  Command Center  
  150  8:35  Marine x2  
  150  8:36  Marine, Medivac  
  150  8:40  Widow Mine x2  
  150  8:41  Marine x3  
  159  8:42  Marine x2  
  159  8:44  Marine  
  164  8:52  Marine  
  164  8:53  Marine  
  164  8:54  Marine  
  164  8:55  Factory  
  167  8:59  Marine x4  
  167  9:02  Medivac  
  173  9:13  Marine, Supply Depot  
  173  9:14  Supply Depot  
  173  9:17  Marine, Widow Mine  
  173  9:18  Marine  
  173  9:22  Marine x3, Medivac, Widow Mine  
  173  9:23  Marine  
  169  9:25  Marine  
  169  9:29  Marine  
  160  9:34  Marauder  
  160  9:35  Barracks Reactor, Marine x2  
  160  9:36  Barracks Tech Lab  
  162  9:39  Marine  
  162  9:40  Marine x3  
  162  9:43  Marine, Planetary Fortress  
  167  9:46  Widow Mine  
  167  9:49  Factory Tech Lab  
  167  9:51  Widow Mine  
  167  9:52  Marine, Command Center  
  172  9:54  Marauder, Marine  
  172  9:56  Marauder  
  172  9:59  Missile Turret  
  177  10:03  Marine x2  
  177  10:05  Marine, Medivac x2  
  177  10:09  Marine x2  
  177  10:10  Marine x2  
  181  10:14  Widow Mine  
  181  10:19  Widow Mine  
  181  10:20  Marauder, Marine x3  
  181  10:21  Marine  
  191  10:23  Missile Turret  
  191  10:25  Terran Infantry Weapons Level 3  
  191  10:26  Widow Mine  
  187  10:34  Marine  
  187  10:35  Marine  
  174  10:37  Marine  
  174  10:39  Marauder  
  174  10:42  Marauder, Marine x2  
  177  10:43  Marine x3, Widow Mine  
  177  10:48  Widow Mine  
  177  10:49  Concussive Shells  
  186  10:55  Thor  
  186  10:56  Marine  
  193  11:00  Marauder, Marine x3  
  193  11:01  Marine x2  
  200  11:11  Command Center  
  200  11:18  Barracks  
  200  11:20  Barracks  
  200  11:30  Marauder  
  200  11:32  Sensor Tower  
  192  11:39  Marine x4  
  197  11:40  Marauder, Marine x2  
  200  11:53  Marine  
  190  12:02  Marine x2  
  190  12:03  Marauder  
  190  12:04  Marauder, Marine x3  
  199  12:11  Unknown x2  
  195  12:17  Widow Mine  
  195  12:19  Widow Mine  
  195  12:22  Marine  
  187  12:24  Marauder, Marine x2  
  187  12:25  Barracks Tech Lab x2  
  187  12:26  Marauder  
  193  12:30  Thor, Marine  
  193  12:32  Orbital Command  
  193  12:34  Command Center  
  193  12:35  Refinery x2  
  200  12:47  Sensor Tower  
  154  12:52  Marauder, Marine x3  
  154  12:53  Marauder, Marine x2  
  154  12:58  Marauder  
  139  13:04  Marauder, Marine, Widow Mine x2  
  141  13:06  Marine x2  
  141  13:09  Marine x3  
  141  13:11  Marine  
  145  13:14  Marauder  
  145  13:15  Marauder  
  145  13:16  Marine x2  
  145  13:19  Marauder  
  132  13:21  Marine x2  
Tags
 
Add a new tag
Caveats
  • Supply blocks, unpowered buildings, or Contaminate may cause inaccurate times.
  • Supply counts are checked every 10 seconds.